TOP OF THE 1ST |
Nantucket Orcas batting - Pitching for Scottsdale Scorpions : RHP Pablo Martínez
|
Pitching: RHP Pablo Martínez
|
|
Batting: RHB Charlie Pérez
|
0-0: Called Strike 0-1: Ground out 4-3 (Groundball, 4S)
|
Batting: RHB Demetrio Inrouville
|
0-0: Ball 1-0: Called Strike 1-1: Ball 2-1: Ground out 5-3 (Groundball, 56)
|
Batting: LHB Eugene Lee
|
0-0: Ground out 4-3 (Groundball, 4M)
|
Top of the 1st over - 0 runs, 0 hits, 0 errors, 0 left on base; Nantucket 0 - Scottsdale 0 |
BOTTOM OF THE 1ST |
Scottsdale Scorpions batting - Pitching for Nantucket Orcas : RHP John Arnold
|
Pitching: RHP John Arnold
|
|
Batting: SHB Luis López
|
0-0: Ball 1-0: Ball 2-0: Called Strike 2-1: Swinging Strike 2-2: Strikes out swinging
|
Batting: RHB José Martínez
|
0-0: Called Strike 0-1: Ball 1-1: Foul Ball, location: 2F 1-2: Strikes out looking
|
Batting: LHB Shawn Brown
|
0-0: Foul Ball, location: 2F 0-1: Ball 1-1: Foul Ball, location: 2F 1-2: Ball 2-2: Ball 3-2: Foul Ball, location: 2F 3-2: Foul Ball, location: 2F 3-2: SINGLE (Groundball, 4D)
|
Batting: LHB Tony Ayala
|
0-0: 2-RUN HOME RUN (Flyball, 9LD), Distance : 428 ft
|
Batting: RHB Steve Boyer
|
0-0: Ball 1-0: Ball 2-0: Ball 3-0: Called Strike 3-1: Foul Ball, location: 2F 3-2: Foul Ball, location: 2F 3-2: Base on Balls
|
Batting: RHB Phil Rowlett
|
0-0: Called Strike 0-1: Called Strike 0-2: Foul Ball, location: 2F 0-2: Ball 1-2: Ball 2-2: Foul Ball, location: 2F 2-2: Ball 3-2: Foul Ball, location: 2F 3-2: Strikes out swinging
|
Bottom of the 1st over - 2 runs, 2 hits, 0 errors, 1 left on base; Nantucket 0 - Scottsdale 2 |
TOP OF THE 2ND |
Nantucket Orcas batting - Pitching for Scottsdale Scorpions : RHP Pablo Martínez
|
Batting: RHB Fernando Álvarez
|
0-0: Called Strike 0-1: Called Strike 0-2: Strikes out swinging
|
Batting: RHB Matt Dundee
|
0-0: Ball 1-0: Ball 2-0: SINGLE (Groundball, 34S) (infield hit)
|
Batting: LHB Alfonso Vélez
|
0-0: Ball Matt Dundee steals 2nd base 1-0: Swinging Strike 1-1: Ball 2-1: Ball 3-1: Called Strike 3-2: Base on Balls
|
Batting: RHB Paul Bell
|
0-0: Called Strike 0-1: Ball 1-1: Ball 2-1: Swinging Strike 2-2: SINGLE (Groundball, 13) (infield hit) Matt Dundee to third Alfonso Vélez to second
|
Batting: RHB Curt O'Brian
|
0-0: Ball 1-0: Ball 2-0: Ball 3-0: Called Strike 3-1: Fly out, F7 (Flyball, 7) Runner from 3rd tags up, SCORES, throw made
|
Batting: RHB Luis Cruz
|
0-0: Fielders Choice at 2nd, 5-4 (Groundball, 5)
|
Top of the 2nd over - 1 run, 2 hits, 0 errors, 2 left on base; Nantucket 1 - Scottsdale 2 |
BOTTOM OF THE 2ND |
Scottsdale Scorpions batting - Pitching for Nantucket Orcas : RHP John Arnold
|
Batting: RHB Miguel Ramos
|
0-0: Foul Ball, location: 2F 0-1: Called Strike 0-2: DOUBLE (Flyball, 89D)
|
Batting: RHB Robinson Fernández
|
0-0: Ball Miguel Ramos steals 3rd base 1-0: Foul Ball, location: 2F 1-1: Swinging Strike 1-2: Ball 2-2: Ball 3-2: Ground out 5-3 (Groundball, 56) Miguel Ramos scores
|
Batting: RHB Carlos Rosales
|
0-0: Ground out 3-1 (Groundball, 2R)
|
Batting: SHB Luis López
|
0-0: Foul Ball, location: 2F 0-1: Foul Ball, location: 2F 0-2: Foul Ball, location: 2F 0-2: SINGLE (Flyball, 5D)
|
Batting: RHB José Martínez
|
0-0: Called Strike 0-1: Foul Ball, location: 2F 0-2: Foul Ball, location: 2F 0-2: Ball 1-2: Ball 2-2: Ball Luis López steals 2nd base 3-2: Strikes out looking
|
Bottom of the 2nd over - 1 run, 2 hits, 0 errors, 1 left on base; Nantucket 1 - Scottsdale 3 |
TOP OF THE 3RD |
Nantucket Orcas batting - Pitching for Scottsdale Scorpions : RHP Pablo Martínez
|
Batting: RHB Charlie Pérez
|
0-0: Called Strike 0-1: Swinging Strike 0-2: Foul Ball, location: 2F 0-2: Ball 1-2: Strikes out swinging
|
Batting: RHB Demetrio Inrouville
|
0-0: Ball 1-0: SINGLE (Line Drive, 7LS)
|
Batting: LHB Eugene Lee
|
0-0: Called Strike 0-1: Ball 1-1: Fielders Choice at 2nd, 4-6 (Groundball, 4)
|
Batting: RHB Fernando Álvarez
|
0-0: Ball Eugene Lee steals 2nd base 1-0: Swinging Strike 1-1: Swinging Strike 1-2: Strikes out swinging
|
Top of the 3rd over - 0 runs, 1 hit, 0 errors, 1 left on base; Nantucket 1 - Scottsdale 3 |
BOTTOM OF THE 3RD |
Scottsdale Scorpions batting - Pitching for Nantucket Orcas : RHP John Arnold
|
Batting: LHB Shawn Brown
|
0-0: Ball 1-0: Swinging Strike 1-1: Ball 2-1: Ball 3-1: Base on Balls
|
Batting: LHB Tony Ayala
|
0-0: Ball 1-0: Called Strike 1-1: Ball 2-1: Ball Passed Ball! Shawn Brown to second 3-1: Base on Balls
|
Batting: RHB Steve Boyer
|
0-0: 3-RUN HOME RUN (Flyball, 7D), Distance : 350 ft
|
Batting: RHB Phil Rowlett
|
0-0: Ball 1-0: Foul Ball, location: 2F 1-1: SINGLE (Line Drive, 6M)
|
Pitching: RHP Javier Soriano
|
|
Batting: RHB Miguel Ramos
|
0-0: Ball 1-0: Fly out, F9 (Flyball, 9)
|
Batting: RHB Robinson Fernández
|
0-0: Ball 1-0: Foul Ball, location: 2F 1-1: Fly out, F8 (Flyball, 8RM)
|
Batting: RHB Carlos Rosales
|
Pickoff Throw to First - Out!
|
Bottom of the 3rd over - 3 runs, 2 hits, 0 errors, 0 left on base; Nantucket 1 - Scottsdale 6 |
TOP OF THE 4TH |
Nantucket Orcas batting - Pitching for Scottsdale Scorpions : RHP Pablo Martínez
|
Batting: RHB Matt Dundee
|
0-0: Ball 1-0: Foul Ball, location: 2F 1-1: Swinging Strike 1-2: Ball 2-2: Ground out 6-3 (Groundball, 6)
|
Batting: LHB Alfonso Vélez
|
0-0: Called Strike 0-1: Foul Ball, location: 2F 0-2: Ball 1-2: SINGLE (Groundball, 25) (infield hit)
|
Batting: RHB Paul Bell
|
0-0: Foul Ball, location: 2F 0-1: Ball 1-1: Ball 2-1: Ball 3-1: Foul Ball, location: 2F 3-2: Strikes out swinging
|
Batting: RHB Curt O'Brian
|
0-0: Swinging Strike 0-1: SINGLE (Groundball, 56D) Alfonso Vélez to second
|
Batting: RHB Luis Cruz
|
0-0: Ball 1-0: SINGLE (Groundball, 56D) Alfonso Vélez to third Curt O'Brian to second Runner from 3rd tries for Home, SAFE, no throw
|
Batting: RHB Charlie Pérez
|
0-0: Foul Ball, location: 2F 0-1: Fly out, F8 (Flyball, 78M)
|
Top of the 4th over - 1 run, 3 hits, 0 errors, 2 left on base; Nantucket 2 - Scottsdale 6 |
BOTTOM OF THE 4TH |
Scottsdale Scorpions batting - Pitching for Nantucket Orcas : RHP Javier Soriano
|
Batting: RHB Carlos Rosales
|
0-0: Foul Ball, location: 2F 0-1: Called Strike 0-2: Foul Ball, location: 2F 0-2: Ball 1-2: Strikes out looking
|
Batting: SHB Luis López
|
0-0: Ball 1-0: Foul Ball, location: 2F 1-1: Ground out 5-3 (Groundball, 56)
|
Batting: RHB José Martínez
|
0-0: Ball 1-0: Swinging Strike 1-1: Foul Ball, location: 2F 1-2: Foul Ball, location: 2F 1-2: Strikes out swinging
|
Bottom of the 4th over - 0 runs, 0 hits, 0 errors, 0 left on base; Nantucket 2 - Scottsdale 6 |
TOP OF THE 5TH |
Nantucket Orcas batting - Pitching for Scottsdale Scorpions : RHP Pablo Martínez
|
Batting: RHB Demetrio Inrouville
|
0-0: Swinging Strike 0-1: SINGLE (Groundball, 4MD)
|
Batting: LHB Eugene Lee
|
0-0: Called Strike 0-1: Fielders Choice at 2nd, 3-6 (Groundball, 3)
|
Batting: RHB Fernando Álvarez
|
0-0: Called Strike 0-1: Swinging Strike 0-2: Ball 1-2: Strikes out swinging
|
Batting: RHB Matt Dundee
|
0-0: Called Strike Eugene Lee steals 2nd base 0-1: Ball 1-1: Foul Ball, location: 2F 1-2: Strikes out swinging
|
Top of the 5th over - 0 runs, 1 hit, 0 errors, 1 left on base; Nantucket 2 - Scottsdale 6 |
BOTTOM OF THE 5TH |
Scottsdale Scorpions batting - Pitching for Nantucket Orcas : RHP Javier Soriano
|
Batting: LHB Shawn Brown
|
0-0: Called Strike 0-1: Fly out, F8 (Flyball, 8RD)
|
Batting: LHB Tony Ayala
|
0-0: Ball 1-0: Ball 2-0: Called Strike 2-1: Foul Ball, location: 2F 2-2: Ball 3-2: Foul Ball, location: 2F 3-2: Foul Ball, location: 2F 3-2: Foul Ball, location: 2F 3-2: Foul Ball, location: 2F 3-2: Fly out, F7 (Line Drive, 7)
|
Batting: RHB Steve Boyer
|
0-0: Ball 1-0: Ball 2-0: Fly out, F5 (Line Drive, 5)
|
Bottom of the 5th over - 0 runs, 0 hits, 0 errors, 0 left on base; Nantucket 2 - Scottsdale 6 |
TOP OF THE 6TH |
Nantucket Orcas batting - Pitching for Scottsdale Scorpions : RHP Pablo Martínez
|
Batting: LHB Alfonso Vélez
|
0-0: Foul Ball, location: 2F 0-1: Ball 1-1: Foul Ball, location: 2F 1-2: Foul Ball, location: 2F 1-2: Ball 2-2: Ball 3-2: SINGLE (Groundball, 56D)
|
Pitching: RHP José Amaya
|
|
Batting: RHB Paul Bell
|
0-0: SINGLE (Groundball, 6D) Alfonso Vélez to second
|
Batting: RHB Curt O'Brian
|
0-0: Hit by Pitch Alfonso Vélez to third Paul Bell to second
|
Batting: RHB Luis Cruz
|
0-0: Ball 1-0: Ball 2-0: Called Strike 2-1: Called Strike 2-2: Strikes out swinging
|
Batting: RHB Charlie Pérez
|
0-0: Ground out 6-3 (Groundball, 6MD) Alfonso Vélez scores Paul Bell to third Curt O'Brian to second
|
Batting: RHB Demetrio Inrouville
|
0-0: Called Strike 0-1: Ball 1-1: Called Strike 1-2: Strikes out swinging
|
Top of the 6th over - 1 run, 2 hits, 0 errors, 2 left on base; Nantucket 3 - Scottsdale 6 |
BOTTOM OF THE 6TH |
Scottsdale Scorpions batting - Pitching for Nantucket Orcas : RHP Javier Soriano
|
Batting: RHB Phil Rowlett
|
0-0: Swinging Strike 0-1: Foul Ball, location: 2F 0-2: Foul Ball, location: 2F 0-2: Strikes out looking
|
Batting: RHB Miguel Ramos
|
0-0: Called Strike 0-1: Foul Ball, location: 2F 0-2: Foul Ball, location: 2F 0-2: Ball 1-2: Strikes out swinging
|
Batting: RHB Robinson Fernández
|
0-0: Ball 1-0: Foul Ball, location: 2F 1-1: Swinging Strike 1-2: Ball 2-2: Fly out, F8 (Line Drive, 8LD)
|
Bottom of the 6th over - 0 runs, 0 hits, 0 errors, 0 left on base; Nantucket 3 - Scottsdale 6 |
TOP OF THE 7TH |
Nantucket Orcas batting - Pitching for Scottsdale Scorpions : RHP José Amaya
|
Now at 3B: Ronald Smith
|
|
Batting: LHB Eugene Lee
|
0-0: Foul Ball, location: 2F 0-1: Ball 1-1: Ball 2-1: Foul Ball, location: 2F 2-2: Ball 3-2: Ground out 4-3 (Groundball, 4)
|
Batting: RHB Fernando Álvarez
|
0-0: Called Strike 0-1: SINGLE (Groundball, 34D)
|
Batting: RHB Matt Dundee
|
0-0: Ball Fernando Álvarez steals 2nd base 1-0: SINGLE (Line Drive, 34D) Fernando Álvarez to third
|
Batting: LHB Alfonso Vélez
|
0-0: Ball 1-0: Called Strike 1-1: Ball 2-1: Ball 3-1: Called Strike 3-2: Foul Ball, location: 2F 3-2: Base on Balls Matt Dundee to second
|
Pinch Hitting: LHB Dennis King
|
0-0: Called Strike 0-1: Swinging Strike 0-2: Ball 1-2: Ball 2-2: Fly out, F8 (Flyball, 8LM)
|
Batting: RHB Curt O'Brian
|
0-0: Called Strike 0-1: Swinging Strike 0-2: Strikes out swinging
|
Top of the 7th over - 0 runs, 2 hits, 0 errors, 3 left on base; Nantucket 3 - Scottsdale 6 |
BOTTOM OF THE 7TH |
Scottsdale Scorpions batting - Pitching for Nantucket Orcas : RHP Javier Soriano
|
Pitching: RHP Emílio Benítez
|
|
Now at 2B: Cristián Salazar
|
|
Batting: RHB Carlos Rosales
|
0-0: Ball 1-0: Called Strike 1-1: Swinging Strike 1-2: Ground out 6-3 (Groundball, 6)
|
Batting: SHB Luis López
|
0-0: Called Strike 0-1: Ball 1-1: SINGLE (Line Drive, 34)
|
Batting: RHB José Martínez
|
0-0: SINGLE (Groundball, 56D) Luis López to second
|
Batting: LHB Shawn Brown
|
0-0: Ball 1-0: Fielders Choice at 2nd, 1-6 (Groundball, 13S) Luis López to third
|
Batting: LHB Tony Ayala
|
0-0: Called Strike 0-1: Ball 1-1: Foul Ball, location: 2F 1-2: Ball 2-2: Fielders Choice at 2nd, 6-4 (Groundball, 6)
|
Bottom of the 7th over - 0 runs, 2 hits, 0 errors, 2 left on base; Nantucket 3 - Scottsdale 6 |
TOP OF THE 8TH |
Nantucket Orcas batting - Pitching for Scottsdale Scorpions : RHP José Amaya
|
Now at C: Jeff McQueen
|
|
Batting: RHB Luis Cruz
|
0-0: Ball 1-0: Ground out 1-3 (Groundball, 13)
|
Batting: RHB Charlie Pérez
|
0-0: Called Strike 0-1: SINGLE (Groundball, 6MD)
|
Batting: RHB Demetrio Inrouville
|
0-0: Ball 1-0: Called Strike 1-1: Ball 2-1: Hit by Pitch Charlie Pérez to second
|
Batting: LHB Eugene Lee
|
0-0: Ball 1-0: Called Strike 1-1: Called Strike 1-2: Ball 2-2: Ball 3-2: Foul Ball, location: 2F 3-2: Strikes out swinging
|
Batting: RHB Fernando Álvarez
|
0-0: Called Strike 0-1: Foul Ball, location: 2F 0-2: Ball 1-2: Ball 2-2: Strikes out looking
|
Top of the 8th over - 0 runs, 1 hit, 0 errors, 2 left on base; Nantucket 3 - Scottsdale 6 |
BOTTOM OF THE 8TH |
Scottsdale Scorpions batting - Pitching for Nantucket Orcas : RHP Emílio Benítez
|
Batting: RHB Steve Boyer
|
0-0: SINGLE (Line Drive, 7S)
|
Batting: RHB Phil Rowlett
|
0-0: Foul Ball, location: 2F 0-1: SINGLE (Line Drive, 89M) Steve Boyer to second
|
Batting: RHB Ronald Smith
|
0-0: Grounds into double play, 6-4-3 (Groundball, 56) Steve Boyer to third
|
Batting: RHB Robinson Fernández
|
0-0: Fly out, F7 (Flyball, 78D)
|
Bottom of the 8th over - 0 runs, 2 hits, 0 errors, 1 left on base; Nantucket 3 - Scottsdale 6 |
TOP OF THE 9TH |
Nantucket Orcas batting - Pitching for Scottsdale Scorpions : RHP José Amaya
|
Batting: RHB Matt Dundee
|
0-0: Ball 1-0: Called Strike 1-1: Called Strike 1-2: Ball 2-2: Ball 3-2: Base on Balls
|
Batting: LHB Alfonso Vélez
|
0-0: Ball 1-0: Foul Ball, location: 2F 1-1: Ball 2-1: Ball 3-1: Foul Ball, location: 2F 3-2: Foul Ball, location: 2F 3-2: Strikes out swinging
|
Pitching: RHP José Alvarado
|
|
Batting: SHB Cristián Salazar
|
0-0: Ball 1-0: Called Strike 1-1: Ball 2-1: Ball 3-1: Base on Balls Matt Dundee to second
|
Batting: RHB Curt O'Brian
|
0-0: Ball 1-0: Called Strike 1-1: Fly out, F4 (Line Drive, 4) Lined into DP, 4-6 (Line Drive, 4)
|
Top of the 9th over - 0 runs, 0 hits, 0 errors, 1 left on base; Nantucket 3 - Scottsdale 6 |
|